 Dungeon Crawl Stone Soup version 0.24.1 (webtiles) character file.

Game seed: 7298728040547809605, levelgen mode: deterministic

56 Fukker the Cudgeler (level 3, -2/36 HPs)
             Began as a Troll Chaos Knight on Apr 1, 2020.
             Was a Plaything of Xom.
             Slain by a centaur (9 damage)
             ... on level 2 of the Dungeon.
             The game lasted 00:03:49 (1233 turns).

Fukker the Cudgeler (Troll Chaos Knight)            Turns: 1233, Time: 00:03:50

Health: -2/36      AC:  8    Str: 21      XL:     3   Next: 69%
Magic:  2/2        EV: 10    Int:  8      God:    Xom [....*.]
Gold:   87         SH:  0    Dex:  7 (9)  Spells: 2/2 levels left

rFire    . . .     SeeInvis .   a - +0 mace (chaos)
rCold    . . .     Gourm    +   (no shield)
rNeg     . . .     Faith    .   b - +2 robe
rPois    .         Spirit   .   (helmet restricted)
rElec    .         Reflect  .   (no cloak)
rCorr    .         Harm     .   (gloves unavailable)
MR       .....                  (boots unavailable)
Stlth    +.........             (no amulet)
HPRegen  0.52/turn              (no ring)
MPRegen  0.08/turn              (no ring)

@: no status effects
A: large, unfitting armour, claws 3, fast metabolism 3, gourmand, regeneration
1, shaggy fur 1, tough skin 3
a: Renounce Religion


You were on level 2 of the Dungeon.
You worshipped Xom.
You were a beloved toy of Xom.
You were full.

You visited 1 branch of the dungeon, and saw 2 of its levels.

You collected 87 gold pieces.

Inventory:

Hand Weapons
 a - a +0 mace of chaos (weapon)
Missiles
 e - 57 stones (quivered)
 g - 46 sling bullets
Armour
 b - a +2 robe (worn)
Jewellery
 k - an uncursed ring of protection from magic {unknown}
Scrolls
 f - 3 scrolls of teleportation {unknown}
 i - a scroll of magic mapping {unknown}
 j - 4 scrolls of identify {unknown}
 l - 2 scrolls of immolation {unknown}
 q - a scroll of enchant armour {unknown}
 s - a scroll of fear {unknown}
 t - a scroll of blinking {unknown}
Potions
 d - a potion of heal wounds {unknown}
 h - a potion of flight {unknown}
 m - a potion of curing
 n - a potion of brilliance {unknown}
 p - a potion of magic {unknown}
 r - a potion of invisibility {unknown}
Miscellaneous
 o - a lamp of fire
Comestibles
 c - 4 rations


   Skills:
 - Level 2.4 Fighting
 + Level 4.2 Maces & Flails
 - Level 1.9 Dodging
 * Level 0.3 Evocations


You had 2 spell levels left.
You didn't know any spells.
Your spell library was empty.

Dungeon Overview and Level Annotations

Branches:
Dungeon (2/15)

Altars:


Innate Abilities, Weirdness & Mutations

You are too large for most types of armour.
You have claws for hands.
Your metabolism is lightning-fast.
You like to eat raw meat.
Your natural rate of healing is unusually fast.
You are covered in fur. (AC +1)
You have extremely tough skin. (AC +3)


Message History

You are too injured to fight recklessly!
You are too injured to fight recklessly!
It was a potion of curing.
You feel better.
Xom roars with laughter!
The centaur shoots an arrow.
The arrow hits you.
The centaur shoots an arrow.
The arrow hits you!
* * * LOW HITPOINT WARNING * * *
You see here an arrow.
The centaur unwields a +0 shortbow.
The centaur barely misses you.
You closely miss the centaur. The centaur hits you.
* * * LOW HITPOINT WARNING * * *
You hit the centaur.
The centaur is lightly wounded. "Hum-dee-hum-dee-hum..."
The centaur seems to speed up.
The centaur barely misses you. x3
You sock the centaur! You burn the centaur.
The centaur is almost dead.
The centaur hits you but does no damage.
The centaur hits you!
You die...

##########
#####........#############
...##.......c##..........#
#...........@##..........#
#####..........(.##..........#
.#<...........(..##..........#
.##b#...>....(...##..........####
.##.##.#....(....##..........#...
....##.#.........##.<........#...
######.....########..........#...
..........†# #............#...
########.#.# #..†.#########...


You could see a centaur.

Vanquished Creatures
  2 adders (D:2)
  A worm (D:2)
  An orc (D:2)
  A ball python (D:1)
  A giant cockroach (D:2)
  8 goblins
  2 hobgoblins (D:2)
  2 jackals (D:1)
  A quokka (D:2)
  4 bats
  3 frilled lizards (D:2)
  3 kobolds
  5 rats
34 creatures vanquished.

Notes
Turn   | Place    | Note
-------+----------+-------------------------------------------
     0 | D:1      | Fukker the Troll Chaos Knight began the quest for the Orb.
     0 | D:1      | Reached XP level 1. HP: 22/22 MP: 0/0
    55 | D:1      | You fall into a shaft and drop 1 floor!
    55 | D:2      | XOM: stealth player
    85 | D:2      | Reached skill level 3 in Maces & Flails
   108 | D:2      | XOM: harmless Necr miscast
   136 | D:2      | Reached XP level 2. HP: 29/29 MP: 1/1
   167 | D:2      | XOM: summons 1 hostile demon
   385 | D:1      | Reached XP level 3. HP: 36/36 MP: 2/2
   508 | D:1      | XOM: 2-stop teleportation journey
   558 | D:1      | XOM: god gift: lamp of fire
   786 | D:1      | XOM is BORED!
   786 | D:1      | XOM: stat loss: -3 Dex (6/9)
  1010 | D:2      | Reached skill level 4 in Maces & Flails
  1224 | D:2      | Noticed a centaur
  1232 | D:2      | XOM: enchant monster (bad)
  1233 | D:2      | Slain by a centaur

Levels and vault maps discovered:
D:1:      evilmike_arrival_rings, layout_basic
D:2:      layout_basic, minmay_tromino_mix6

Skill      XL: |  1  2  3 |
---------------+----------+-----
Maces & Flails | 3 4 |  4.2
Fighting       | |  2.4
Dodging        | |  1.9
Evocations     | |  0.3

Action                   || total
-------------------------++-------
Melee: Mace              ||   103
Throw: Stone             ||     2
  Use: Potion            ||     1
 Stab: Sleeping          ||     1
  Eat: Chunk             ||    13
Armor: Robe              ||    48
Dodge: Dodged            ||    73
